 Dungeon Crawl Stone Soup version 0.30-a0-1114-gd936c97349 (webtiles) character file.

Game seed: 4410411769277737620

7503 NateTC the Spear-Bearer (level 11, -3/95 HPs)
             Began as a Merfolk Gladiator on Apr 20, 2023.
             Was a High Priest of Okawaru.
             Slain by a harpy simulacrum (5 damage)
             ... in an ice cave.
             The game lasted 00:22:22 (7710 turns).

NateTC the Spear-Bearer (Merfolk Gladiator)         Turns: 7710, Time: 00:22:23

Health: -3/95      AC: 17    Str: 16    XL:     11   Next: 16%
Magic:  13/13      EV:  6    Int:  9    God:    Okawaru [*****.]
Gold:   381        SH: 11    Dex: 20    Spells: 10/10 levels left

rFire   . . .      SeeInvis .    a - +2 trident (freeze)
rCold   + . .      Faith    .    t - +0 kite shield "Etaavuy" {-Cast rC+ Will++ Dex+3}
rNeg    . . .      Spirit   .    D - +0 plate armour
rPois   .          Reflect  .    c - +0 helmet
rElec   .          Rampage  .    A - scarf {shadows}
rCorr   .          NoCast   +    (no gloves)
Will    ++...                    y - +2 pair of boots {Stlth+} Stlth
                                 r - amulet of regeneration
HPRegen 1.15/turn                p - ring of flight
MPRegen 0.13/turn                (no ring)

@: flying, studying Fighting
A: (nimble swimmer 2), mertail
a: Renounce Religion, Heroism, Finesse, Duel


You were in an ice cave.
You worshipped Okawaru.
Okawaru was extremely pleased with you.
You visited 3 branches of the dungeon, and saw 11 of its levels.
You also visited: Ice Cave.

You collected 471 gold pieces.
You spent 90 gold pieces at shops.

Inventory:

Hand Weapons
 a - a +2 trident of freezing (weapon)
 b - a +0 scythe
 L - a +3 spear of freezing
Missiles
 d - 3 throwing nets (quivered)
 e - a javelin
 u - a silver javelin
Armour
 c - a +0 helmet (worn)
 t - the +0 kite shield "Etaavuy" (worn) {-Cast rC+ Will++ Dex+3}
   (You found it on level 4 of the Dungeon)

   Dex:       It affects your dexterity (+3).
   rC:        It protects you from cold.
   -Cast:     It prevents spellcasting.
   Will:      It greatly increases your willpower.
 y - a +2 pair of boots of stealth (worn)
 A - a scarf of shadows (worn)
 D - a +0 plate armour (worn)
 J - a +2 hat
Jewellery
 p - a ring of flight (left hand)
 q - a ring of fire
 r - an amulet of regeneration (around neck)
 s - a +6 ring of strength
 C - an amulet of magic regeneration
 E - a ring of protection from cold
 G - an amulet of guardian spirit
 K - the ring of the Tortoise {AC+8}
   (You found it in an ice cave)

   [ring of protection]

   AC:        It affects your AC (+8).
Wands
 f - a wand of charming (17)
 H - a wand of mindburst (3)
Scrolls
 i - 2 scrolls of teleportation
 x - 2 scrolls of enchant weapon
 z - 2 scrolls of identify
 B - a scroll of fog
 F - a scroll of amnesia
Potions
 g - 4 potions of curing
 h - 2 potions of might
 j - 4 potions of resistance
 k - a potion of berserk rage
 l - 4 potions of flight
 m - 3 potions of haste
 n - 5 potions of brilliance
 o - a potion of attraction {unknown}
 v - a potion of lignification
 w - 2 potions of magic
 I - a potion of invisibility {unknown}


   Skills:
 + Level 12.2 Fighting
 - Level 14.0 Polearms
 - Level 2.0 Throwing
 + Level 5.8 Armour
 - Level 6.0 Dodging
 - Level 5.4 Shields
 + Level 3.6 Invocations


You had 10 spell levels left.
You didn't know any spells.
Your spell library contained the following spells:

 Spells                   Type           Power      Damage    Failure   Level
 Hailstorm                Conj/Ice       0%         3d3       100%        3
 Ice Form                 Ice/Tmut       0%         N/A       100%        4
 Simulacrum               Ice/Necr       Unusable   N/A       N/A         6

Dungeon Overview and Level Annotations

Branches:
Dungeon (9/15) Zot: 25862  Temple (1/1) D:4 Zot: 5811    Lair (1/5) D:8 Zot: 5879
  IceCv (1/1) Zot: 5604
    Orc: D:9-12

Altars:
Ashenzari
Cheibriados
Dithmenos
Elyvilon
Fedhas
Gozag
Hepliaklqana
Kikubaaqudgha
Makhleb
Nemelex Xobeh
Okawaru
Qazlal
Ru
Sif Muna
Trog
Uskayaw
Vehumet
Wu Jian
Xom
Yredelemnul
Zin
The Shining One

Shops:
D:1 ?

Annotations:
D:6 2 transporters, demibob's ghost, novice DsWn


Innate Abilities, Weirdness & Mutations

((You are very nimble when in or above water. (Stealth+, EV+, Speed+++)))
Your lower body shifts to a powerful aquatic tail in water.


Message History

The harpy simulacrum vaporises!
Okawaru accepts your kill.
You see here a +2 hat.
J - a +2 hat A death yak simulacrum, a polar bear simulacrum, a harpy simulacrum and a bog body come into view.
You see here a +0 scimitar of freezing.
You see here the ring of the Tortoise {AC+8}.
K - the ring of the Tortoise {AC+8} The harpy simulacrum claws you.
The harpy simulacrum freezes you. You resist.
You block the harpy simulacrum's attack.
The harpy simulacrum claws you! The harpy simulacrum freezes you! You resist.
You block the harpy simulacrum's attack.
You block the harpy simulacrum's attack.
The harpy simulacrum claws you but does no damage.
You see here a +3 spear of freezing.
L - a +3 spear of freezing The harpy simulacrum claws you.
The harpy simulacrum freezes you! You resist.
The harpy simulacrum claws you but does no damage.
The harpy simulacrum barely misses you.
You block the harpy simulacrum's attack.
The harpy simulacrum claws you. The harpy simulacrum freezes you! You resist.
The harpy simulacrum closely misses you.
You block the harpy simulacrum's attack.
The harpy simulacrum claws you but does no damage.
The harpy simulacrum attacks as you move away!
The harpy simulacrum claws you.
* * * LOW HITPOINT WARNING * * *
The harpy simulacrum freezes you! You resist.
* * * LOW HITPOINT WARNING * * *
The harpy simulacrum claws you but does no damage. x2
You block the harpy simulacrum's attack.
The harpy simulacrum attacks as you move away!
The harpy simulacrum claws you!
* * * LOW HITPOINT WARNING * * *
The harpy simulacrum freezes you! You resist.
* * * LOW HITPOINT WARNING * * *
The harpy simulacrum claws you.
* * * LOW HITPOINT WARNING * * *
The harpy simulacrum freezes you. You resist.
You die...

..# ######.. ###
#.### #..#
###.####..# ##..#
##≈≈≈≈#....####..##
#≈≈≈≈≈≈.##...##.##
. ##≈≈≈≈≈#####...##
.. ### #≈≈≈≈≈≈≈#
#####
...#$$###.≈≈≈≈##
...Z$$[.#@#≈#≈#
...$$Z.|Z######
.$$$$[).##
#########


You could see a death yak simulacrum and a harpy simulacrum.

Vanquished Creatures
  2 cane toads (D:8)
  2 hornets (D:8)
  Grinder (D:6)
  Sigmund (D:4)
  14 yaks
  A steam dragon (D:9)
  Menkaure (D:6)
  A death yak simulacrum (IceCv)
  A harpy simulacrum (IceCv)
  A water moccasin (D:8)
  An orc warrior (D:8)
  3 black bears
  2 ogres
  2 ice beasts
  6 wolves (Lair:1)
  A centaur (D:8)
  2 kobold brigands (D:9)
  4 bullfrogs
  2 scorpions
  6 two-headed ogre simulacra (IceCv)
  9 wights
  An elephant simulacrum (IceCv)
  A howler monkey (D:3)
  2 jellies
  3 orc priests
  A hound (D:4)
  A sleepcap (D:7)
  Jessica (D:2)
  4 iguanas
  5 orc wizards
  7 troll simulacra (IceCv)
  3 spriggan simulacra (IceCv)
  A wolf simulacrum (IceCv)
  6 adders
  3 naga simulacra (IceCv)
  2 white imps (D:7)
  10 ufetubi
  4 worms (D:2)
  2 dart slugs (D:5)
  21 orcs
  6 bats
  11 endoplasms (D:2)
  2 giant cockroaches (D:3)
  6 goblins
  4 hobgoblins
  6 jackals
  26 kobolds
  5 quokkas
  5 ball pythons
  3 frilled lizards
  4 rats
219 creatures vanquished.

Vanquished Creatures (others)
  4 fungi (D:2)
  11 plants (Lair:1)
  11 toadstools (D:2)
26 creatures vanquished.

Grand Total: 245 creatures vanquished

Notes
Turn   | Place    | Note
-------+----------+-------------------------------------------
     0 | D:1      | NateTC the Merfolk Gladiator began the quest for the Orb.
     0 | D:1      | Reached XP level 1. HP: 16/16 MP: 1/1
   172 | D:1      | Found a faded altar of an unknown god.
   190 | D:1      | Reached XP level 2. HP: 21/22 MP: 2/2
   371 | D:1      | Found Iwiwot's Magic Scroll Boutique.
   896 | D:1      | Identified a scroll of acquirement
   896 | D:1      | Acquired a manual of Fighting
  1114 | D:2      | Reached XP level 3. HP: 28/28 MP: 3/3
  1516 | D:2      | Reached skill level 5 in Polearms
  1516 | D:2      | Reached skill level 5 in Dodging
  1660 | D:2      | Reached XP level 4. HP: 27/35 MP: 4/4
  1857 | D:3      | Noticed Jessica
  1876 | D:2      | Reached XP level 5. HP: 23/41 MP: 5/5
  1878 | D:2      | Killed Jessica
  1920 | D:3      | Reached skill level 6 in Polearms
  2158 | D:3      | Found a shimmering altar of Xom.
  2163 | D:3      | Found an ornate altar of the Wu Jian Council.
  2170 | D:3      | Found a snail-covered altar of Cheibriados.
  2362 | D:3      | Reached XP level 6. HP: 44/48 MP: 6/6
  2635 | D:4      | Reached skill level 1 in Armour
  2677 | D:4      | Noticed Sigmund
  2712 | D:4      | Killed Sigmund
  2713 | D:4      | Reached skill level 5 in Fighting
  2713 | D:4      | Reached skill level 7 in Polearms
  2889 | D:4      | Reached XP level 7. HP: 28/56 MP: 7/7
  2941 | D:4      | Identified the +0 kite shield "Etaavuy" {-Cast rC+ Will++
                  | Dex+3}
  2943 | D:4      | You fall into a shaft and drop 1 floor!
  2943 | D:5      | Entered Level 5 of the Dungeon
  3084 | D:4      | Reached skill level 1 in Shields
  3159 | D:4      | Found a staircase to the Ecumenical Temple.
  3170 | Temple   | Entered the Ecumenical Temple
  3353 | Temple   | Became a worshipper of Warmaster Okawaru
  3624 | D:5      | Reached skill level 8 in Polearms
  3686 | D:5      | Reached XP level 8. HP: 44/64 MP: 8/8
  3726 | D:5      | Reached * piety under Okawaru
  4160 | D:5      | Reached skill level 9 in Polearms
  4348 | D:6      | Noticed Menkaure
  4359 | D:6      | Killed Menkaure
  4496 | D:6      | Noticed Grinder
  4512 | D:6      | Killed Grinder
  4512 | D:6      | Reached ** piety under Okawaru
  4513 | D:6      | Reached XP level 9. HP: 72/72 MP: 9/9
  4648 | D:6      | Noticed demibob's ghost (novice DsWn)
  4649 | D:6      | Found a transporter.
  4650 | D:6      | Found a transporter.
  4937 | D:7      | Reached skill level 10 in Polearms
  4963 | D:7      | Reached skill level 5 in Shields
  5280 | D:7      | Found Zin's Purification Station.
  5282 | D:7      | Found a glowing silver altar of Zin.
  5286 | D:7      | Bought a potion of curing for 90 gold pieces
  5588 | D:8      | Noticed a hornet
  5601 | D:8      | Killed a hornet
  5786 | D:8      | Found a staircase to the Lair.
  5969 | D:8      | Reached *** piety under Okawaru
  6003 | D:9      | Noticed a hornet
  6009 | D:8      | Reached skill level 11 in Polearms
  6025 | D:8      | Killed a hornet
  6265 | D:9      | Reached XP level 10. HP: 83/83 MP: 10/10
  6344 | D:9      | Found a blossoming altar of Fedhas.
  6679 | D:9      | Reached skill level 12 in Polearms
  6692 | D:9      | Reached skill level 10 in Fighting
  6768 | D:9      | Reached **** piety under Okawaru
  6977 | Lair:1   | Entered Level 1 of the Lair of Beasts
  6977 | Lair:1   | Found a frozen archway.
  7014 | Lair:1   | Noticed a cane toad
  7019 | Lair:1   | Noticed a cane toad
  7031 | D:8      | Killed a cane toad
  7121 | D:8      | Killed a cane toad
  7121 | D:8      | Received a gift from Okawaru
  7122 | D:8      | Reached skill level 13 in Polearms
  7132 | D:8      | Reached skill level 5 in Armour
  7207 | Lair:1   | Reached skill level 1 in Invocations
  7215 | D:8      | Reached ***** piety under Okawaru
  7265 | Lair:1   | Reached skill level 14 in Polearms
  7271 | Lair:1   | Reached XP level 11. HP: 51/94 MP: 12/12
  7287 | IceCv    | Entered an ice cave
  7686 | IceCv    | Found the ring of the Tortoise {AC+8}
  7703 | IceCv    | Noticed a bog body
  7710 | IceCv    | HP: 2/95 [harpy simulacrum (3)]
  7710 | IceCv    | Slain by a harpy simulacrum

Illustrated notes

Levels and vault maps discovered:
D:1:      dpeg_arrival_short_road, layout_loops_corners,
          ebering_ecumenical_altar_rust, serial_shops, shop
D:2:      cheibrodos_fertilizer, layout_basic, st_stairs_7, eino_curves_04
D:3:      layout_loops_cross, minitemple, uniq_jessica
D:4:      layout_basic, minmay_temple_entry_fiery, kennysheep_cluttered_room,
          uniq_sigmund
D:5:      layout_loops_ring, minmay_misc_feat_pillars, nrook_mini_backslash
D:6:      layout_gridville, gammafunk_ghost_smash, uniq_menkaure, uniq_grinder
D:7:      layout_rooms, zin_purify
D:8:      layout_basic, lair_entry_dummy
D:9:      layout_irregular_city, mainiacjoe_overflow_six_doors_small,
          minmay_misc_feat_encased
Temple:   bh_familiar_temple
Lair:1:   layout_misc_corridors, portal_ice_cave_entry_pillars_1,
          grunt_forest_large_clearings, serial_bayou_shore_a
IceCv:    ice_cave_caverns_02

Skill      XL: |  1  2  3  4  5  6  7  8  9 10 11 |
---------------+----------------------------------+-----
Polearms       | 5 6 7 8 9 11 14 | 14.0
Dodging        | 5 6 |  6.0
Fighting       | 3 4 5 6 7 9 11 12 | 12.2
Armour         | 2 3 4 5 |  5.8
Shields        | 2 4 5 |  5.4
Invocations    | 2 3 |  3.6
Throwing       | |  2.0

Action                     |  1- 3 |  4- 6 |  7- 9 | 10-12 || total
---------------------------+-------+-------+-------+-------++-------
  Melee: Trident           |   149 |   142 |   364 |   296 ||   951
         Punch             |     2 |       |       |       ||     2
 Invoke: Heroism           |       |       |       |     1 ||     1
    Use: Scroll            |     4 |     7 |     7 |     1 ||    19
         Potion            |       |       |       |     6 ||     6
 Armour: Leather armour    |     9 |       |       |       ||     9
         Ring mail         |    22 |    27 |       |       ||    49
         Chain mail        |       |     9 |   120 |     9 ||   138
         Plate armour      |       |       |       |   114 ||   114
  Dodge: Dodged            |    83 |    82 |    83 |    50 ||   298
  Block: Kite shield       |       |       |   156 |   148 ||   304

Table legend: (Time is in decaauts)
 A = Elapsed time spent in this place.
 B = Non-inter-level travel time spent in this place.
 C = Inter-level travel time spent in this place.
 D = Time resting spent in this place.
 E = Time spent auto-exploring this place.
 F = Levels seen in this place.
 G = Mean time per level.
                   A        B        C        D        E       F      G
               +--------+--------+--------+--------+--------+-----+--------+
         Total |   7676 |   7163 |    513 |    457 |   3852 |  12 |  639.7 |
       Dungeon |   6971 |   6482 |    489 |    349 |   3694 |   9 |  774.6 |
        Temple |    188 |    164 |     24 |      0 |    158 |   1 |  188.0 |
          Lair |    120 |    120 |      0 |      0 |      0 |   1 |  120.0 |
      Ice Cave |    395 |    395 |      0 |    108 |      0 |   1 |  395.0 |
               +--------+--------+--------+--------+--------+-----+--------+

Top non-repeatable levels by time:
     D:1: 1027 daAuts
     D:9: 871 daAuts
     D:8: 846 daAuts
     D:2: 842 daAuts
     D:5: 789 daAuts
     D:4: 736 daAuts
     D:3: 722 daAuts
     D:6: 646 daAuts
     D:7: 488 daAuts
   IceCv: 395 daAuts
  Temple: 188 daAuts
  Lair:1: 120 daAuts
